 Dungeon Crawl Stone Soup version 0.26.1-11-gd32895ea62 (webtiles) character file.

Game seed: 17318196815886320277

1610 jlumianski the Grasshopper (level 8, 0/63 (64) HPs)
             Began as a Gnoll Warper on June 3, 2021.
             Was an Initiate of Okawaru.
             Killed from afar by an orc wizard (6 damage)
             ... with a magic dart
             ... on level 5 of the Dungeon.
             The game lasted 00:39:01 (7848 turns).

jlumianski the Grasshopper (Gnoll Warper)           Turns: 7848, Time: 00:39:01

HP:   0/63 (64)     AC:  9    Str: 14    XL:     8   Next: 95%
MP:   4/17          EV: 14    Int: 17    God:    Okawaru [......]
Gold: 264           SH:  0    Dex: 15    Spells: 11/19 levels left

rFire    . . .     SeeInvis .   a - +0 hand axe
rCold    + . .     Faith    .   (no shield)
rNeg     . . .     Spirit   .   z - +2 ring mail {rC+}
rPois    .         Reflect  .   (no helmet)
rElec    .         Harm     .   s - +0 cloak
rCorr    .         Rampage  .   (no gloves)
Will     +....                  (no boots)
Stlth    +++.......             y - amulet of the acrobat
HPRegen  0.20/turn              t - ring of stealth
MPRegen  0.15/turn              u - ring of willpower

@: lightly drained
A: distributed training, fangs 1, strong nose
a: Renounce Religion


You were on level 5 of the Dungeon.
You worshipped Okawaru.
Okawaru was noncommittal.
You visited 1 branch of the dungeon, and saw 6 of its levels.

You collected 264 gold pieces.

Inventory:

Hand Weapons
 a - a +0 hand axe (weapon)
 x - a +0 mace of protection
 G - a +2 short sword of draining
Missiles
 e - 5 boomerangs of dispersal
 f - a throwing net
 h - 55 sling bullets
 m - 191 stones (quivered)
 q - 33 poisoned darts
Armour
 b - a +0 leather armour
 s - a +0 cloak (worn)
 w - a +0 ring mail
 z - a +2 ring mail of cold resistance (worn)
 C - a cursed +0 buckler
Jewellery
 t - a ring of stealth (left hand)
 u - a ring of willpower (right hand)
 y - an amulet of the acrobat (around neck)
Wands
 E - a wand of acid (9)
Scrolls
 d - 3 scrolls of blinking
 g - a scroll of magic mapping
 i - a scroll of enchant armour {unknown}
 j - 4 scrolls of remove curse
 k - 2 scrolls of amnesia
 n - 3 scrolls of teleportation
 o - a scroll of fog
 p - a scroll of immolation
 A - 3 scrolls of identify
Potions
 c - a potion of degeneration {unknown}
 l - a potion of haste
 r - 2 potions of attraction
 v - 2 potions of curing
 B - a potion of flight {unknown}
 D - a potion of lignification {unknown}
 F - a potion of heal wounds {unknown}


   Skills:
 + Level 6.0 Fighting
 + Level 3.7 Short Blades
 + Level 3.7 Long Blades
 + Level 6.0 Axes
 + Level 3.7 Maces & Flails
 + Level 3.7 Polearms
 + Level 3.7 Staves
 + Level 3.7 Slings
 + Level 3.7 Bows
 + Level 3.7 Crossbows
 + Level 4.5 Throwing
 + Level 4.5 Armour
 + Level 6.0 Dodging
 + Level 3.7 Stealth
 + Level 3.7 Shields
 + Level 3.7 Unarmed Combat
 + Level 6.3 Spellcasting
 + Level 3.0 Conjurations
 + Level 3.0 Hexes
 + Level 3.0 Summonings
 + Level 3.0 Necromancy
 + Level 6.3 Translocations
 + Level 3.0 Transmutations
 + Level 3.0 Fire Magic
 + Level 3.0 Ice Magic
 + Level 3.0 Air Magic
 + Level 3.0 Earth Magic
 + Level 3.0 Poison Magic
 + Level 4.1 Invocations
 + Level 3.7 Evocations


You had 11 spell levels left.
You knew the following spells:

 Your Spells              Type           Power        Failure   Level
a - Blink                 Tloc           N/A          2%          2
b - Gell's Gravitas       Tloc           13%          5%          3
c - Teleport Other        Tloc           26%          5%          3

Your spell library contained the following spells:

 Spells                   Type           Power        Failure   Level
 Lesser Beckoning         Tloc           13%          5%          3
 Passage of Golubria      Tloc           N/A          19%         4


Dungeon Overview and Level Annotations

Branches:
Dungeon (6/15)
 Temple: D:4-7

Altars:
Okawaru

Annotations:
D:3 1 runed translucent door, mcveat's ghost, amateur MiFi
D:4 2 runed translucent doors, oc3rt's ghost, amateur PaFi


Innate Abilities, Weirdness & Mutations

Your experience applies equally to all skills.
You have very sharp teeth.
Your uncanny sense of smell can sniff out nearby items.


Message History

You hear some strange, mumbled words.
A puff of flame appears from out of thin air!
The puff of flame hits you. The orc warrior misses you.
Throw: 192 stones
Press: ? - help, Q - select action, (/) - cycle Shift-Dir - straight line, f/p - orc warrior
Aim: an orc warrior, wielding a +0 halberd and wearing a +0 chain mail (moderately wounded, 61% to hit)
You throw a stone.
The stone hits the orc warrior but does no damage.
The orc warrior is moderately wounded.
The orc warrior hits you from afar with a +0 halberd!!
* * * LOW HITPOINT WARNING * * *
Casting: Blink (safe; 2% risk of failure)
Confirm with . or Enter, or press ? or * to list all spells.
You blink.
Something hits you but does no damage.
Casting: Blink (safe; 2% risk of failure)
Confirm with . or Enter, or press ? or * to list all spells.
You blink.
A magic dart appears from out of thin air!
The magic dart hits you.
You die...

.########........## #.#
#....
+##############...###.#
####.
.........##...........#
##..'.
.........##...........#
#.####
..........#...........#
##....
..........#...........#
######
..........#...........#
#..÷..
###.......#...........#
#..... #
#.............@.....#
#..... #
#...................#
#..... #
########............#
#..... # ##########...#
#..÷.. # #...####
###### ####### #..o§..#
......# #.#§[{.#
......# #.#...§#
......# #.#....#


You could see an orc warrior.

Vanquished Creatures
  2 slime creatures (D:5)
  Sigmund (D:4)
  Menkaure (D:5)
  A phantom (D:4)
  3 big kobolds (D:5)
  A bullfrog zombie (D:5)
  3 orc priests
  2 jellies
  2 orc wizards
  A bullfrog skeleton (D:4)
  3 worker ants
  5 adders
  6 gnolls
  An ufetubus (D:5)
  7 oozes
  4 worms
  2 dart slugs
  6 leopard geckos
  28 orcs
  7 bats
  3 giant cockroaches (D:1)
  5 goblins
  13 hobgoblins
  10 jackals
  4 quokkas
  3 ball pythons
  5 frilled lizards
  11 kobolds
  A quokka skeleton (D:4)
  10 rats
151 creatures vanquished.

Vanquished Creatures (others)
  8 fungi (D:5)
  6 toadstools (D:5)
  2 withered plants (D:3)
16 creatures vanquished.

Grand Total: 167 creatures vanquished

Notes
Turn   | Place    | Note
-------+----------+-------------------------------------------
     0 | D:1      | jlumianski the Gnoll Warper began the quest for the Orb.
     0 | D:1      | Reached XP level 1. HP: 20/20 MP: 6/6
    84 | D:1      | Reached XP level 2. HP: 26/26 MP: 7/7
   905 | D:1      | Reached XP level 3. HP: 31/31 MP: 9/9
   908 | D:1      | Learned a level 2 spell: Blink
   912 | D:1      | Learned a level 3 spell: Gell's Gravitas
   916 | D:1      | Learned a level 3 spell: Teleport Other
   955 | D:1      | Reached skill level 5 in Spellcasting
  1522 | D:2      | Reached skill level 1 in Invocations
  1899 | D:2      | Reached skill level 1 in Short Blades
  1899 | D:2      | Reached skill level 1 in Long Blades
  1899 | D:2      | Reached skill level 1 in Maces & Flails
  1899 | D:2      | Reached skill level 1 in Polearms
  1899 | D:2      | Reached skill level 1 in Staves
  1899 | D:2      | Reached skill level 1 in Slings
  1899 | D:2      | Reached skill level 1 in Bows
  1899 | D:2      | Reached skill level 1 in Crossbows
  1899 | D:2      | Reached skill level 1 in Stealth
  1899 | D:2      | Reached skill level 1 in Shields
  1899 | D:2      | Reached skill level 1 in Unarmed Combat
  1899 | D:2      | Reached skill level 1 in Evocations
  2124 | D:2      | Reached XP level 4. HP: 38/38 MP: 11/11
  2622 | D:3      | Found a runed translucent door.
  2622 | D:3      | Noticed mcveat's ghost (amateur MiFi)
  2754 | D:3      | Reached skill level 1 in Conjurations
  2754 | D:3      | Reached skill level 1 in Hexes
  2754 | D:3      | Reached skill level 1 in Summonings
  2754 | D:3      | Reached skill level 1 in Necromancy
  2754 | D:3      | Reached skill level 1 in Transmutations
  2754 | D:3      | Reached skill level 1 in Fire Magic
  2754 | D:3      | Reached skill level 1 in Ice Magic
  2754 | D:3      | Reached skill level 1 in Air Magic
  2754 | D:3      | Reached skill level 1 in Earth Magic
  2754 | D:3      | Reached skill level 1 in Poison Magic
  2841 | D:3      | Reached XP level 5. HP: 43/43 MP: 12/12
  3669 | D:3      | Reached XP level 6. HP: 47/50 MP: 3/13
  4567 | D:4      | Reached skill level 5 in Fighting
  4567 | D:4      | Reached skill level 5 in Axes
  4567 | D:4      | Reached skill level 5 in Dodging
  4677 | D:4      | Noticed a phantom
  4726 | D:4      | Killed a phantom
  4727 | D:4      | Reached XP level 7. HP: 46/56 MP: 15/15
  4807 | D:4      | Found a large runed translucent door.
  4808 | D:4      | Found a large runed translucent door.
  4808 | D:4      | Noticed oc3rt's ghost (amateur PaFi)
  4937 | D:4      | Noticed Sigmund
  4980 | D:4      | Killed Sigmund
  5147 | D:5      | Entered Level 5 of the Dungeon
  5273 | D:5      | Noticed Menkaure
  5284 | D:5      | Killed Menkaure
  5593 | D:5      | Reached XP level 8. HP: 63/63 MP: 5/16
  5719 | D:5      | Noticed a slime creature
  5719 | D:5      | Noticed a slime creature
  6741 | D:5      | Killed a slime creature
  7000 | D:5      | Killed a slime creature
  7204 | D:5      | Found an iron altar of Okawaru.
  7388 | D:5      | Became a worshipper of Warmaster Okawaru
  7848 | D:5      | Killed from afar by an orc wizard

Illustrated notes

Levels and vault maps discovered:
D:1:      roderic_octagonal_star, layout_basic
D:2:      layout_loops_ring, minmay_pentomino_x2
D:3:      layout_loops_ring, gammafunk_ghost_grave
D:4:      layout_loops_cross, ebering_ghost_disaster_area, uniq_sigmund
D:5:      cheibrodos_fertilizer, layout_basic, okawaru_altar_gauntlet_db,
          uniq_menkaure
D:6:      layout_rooms, temple_statues

Skill      XL: |  1  2  3  4  5  6  7  8 |
---------------+-------------------------+-----
Spellcasting   | 5 6 |  6.3
Invocations    | 1 2 3 4 |  4.1
Short Blades   | 1 2 3 |  3.7
Long Blades    | 1 2 3 |  3.7
Maces & Flails | 1 2 3 |  3.7
Polearms       | 1 2 3 |  3.7
Staves         | 1 2 3 |  3.7
Slings         | 1 2 3 |  3.7
Bows           | 1 2 3 |  3.7
Crossbows      | 1 2 3 |  3.7
Stealth        | 1 2 3 |  3.7
Shields        | 1 2 3 |  3.7
Unarmed Combat | 1 2 3 |  3.7
Evocations     | 1 2 3 |  3.7
Conjurations   | 1 2 3 |  3.0
Hexes          | 1 2 3 |  3.0
Summonings     | 1 2 3 |  3.0
Necromancy     | 1 2 3 |  3.0
Transmutations | 1 2 3 |  3.0
Fire Magic     | 1 2 3 |  3.0
Ice Magic      | 1 2 3 |  3.0
Air Magic      | 1 2 3 |  3.0
Earth Magic    | 1 2 3 |  3.0
Poison Magic   | 1 2 3 |  3.0
Throwing       | 3 4 |  4.5
Armour         | 3 4 |  4.5
Fighting       | 5 6 |  6.0
Axes           | 5 6 |  6.0
Dodging        | 5 6 |  6.0
Translocations | 6 |  6.3

Action                   |  1- 3 |  4- 6 |  7- 9 || total
-------------------------+-------+-------+-------++-------
Melee: Hand axe          |   137 |   209 |   228 ||   574
       Bite              |    12 |    32 |    34 ||    78
       Punch             |       |     1 |     4 ||     5
Throw: Stone             |    34 |    35 |     4 ||    73
       Dart              |       |     4 |    17 ||    21
 Cast: Blink             |     1 |     1 |    12 ||    14
       Gell's Gravitas   |       |    25 |    28 ||    53
       Teleport Other    |       |       |     1 ||     1
Evoke: Wand              |       |       |     3 ||     3
  Use: Scroll            |       |     3 |     7 ||    10
       Potion            |       |     2 |     1 ||     3
 Stab: Sleeping          |     2 |     7 |     4 ||    13
Armor: Leather armour    |    23 |     4 |       ||    27
       Ring mail         |       |    39 |    64 ||   103
Dodge: Dodged            |   101 |   123 |   180 ||   404
